 Dungeon Crawl Stone Soup version 0.24-a0-537-g2d01d4ab0a (webtiles) character file.

Game seed: 10432354895134690594

94058 Gynju the Unseen (level 15, -6/78 HPs)
             Began as a Spriggan Enchanter on Aug 12, 2019.
             Was the Champion of Dithmenos.
             Mangled by an anaconda (18 damage)
             ... on level 3 of the Lair of Beasts.
             The game lasted 01:23:37 (32811 turns).

Gynju the Unseen (Spriggan Enchanter)              Turns: 32811, Time: 01:23:38

Health: -6/78      AC:  2    Str:  4    XL:     15   Next: 62%
Magic:  29/29      EV: 30    Int: 21    God:    Dithmenos [******]
Gold:   1561       SH: 14    Dex: 22    Spells: 17/32 levels left

rFire    + . .     SeeInvis +   o - +3 dagger (vamp)
rCold    . . .     Gourm    .   s - +0 buckler
rNeg     . . .     Faith    .   P - +0 robe {Archmagi}
rPois    .         Spirit   .   (helmet restricted)
rElec    .         Reflect  +   (no cloak)
rCorr    .         Harm     .   (gloves unavailable)
MR       ++...                  (boots unavailable)
Stlth    ++++++++++             p - +5 amulet of reflection
HPRegen  0.23/turn              O - ring of protection from fire
MPRegen  0.21/turn              t - +3 ring of dexterity

@: wreathed by umbra, very quick
A: very small, unfitting armour, see invisible, herbivore, speed 3, slow
metabolism 2
a: Shadow Step, Shadow Form, Renounce Religion


You were on level 3 of the Lair of Beasts.
You worshipped Dithmenos.
Dithmenos was exalted by your worship.
You were hungry.

You visited 5 branches of the dungeon, and saw 25 of its levels.

You collected 1561 gold pieces.

Inventory:

Hand Weapons
 o - a +3 vampiric dagger (weapon)
Missiles
 r - 512 stones (quivered)
Armour
 s - a +0 buckler (worn)
 C - a +2 robe of positive energy
 P - a +0 robe of the Archmagi (worn)
Jewellery
 m - an uncursed ring of flight
 p - a +5 amulet of reflection (around neck)
 t - a +3 ring of dexterity (right hand)
 w - an uncursed amulet of regeneration
 O - a ring of protection from fire (left hand)
 Q - an uncursed ring of protection from magic
 R - an uncursed ring of poison resistance {unknown}
 S - an uncursed amulet of the gourmand {unknown}
 W - an uncursed ring of protection from fire
 Y - a +3 ring of evasion {unknown}
Wands
 h - a wand of flame (74)
 y - a wand of enslavement (6)
 B - a wand of acid (4)
 E - a wand of clouds (7)
 J - a wand of disintegration (39)
 M - a wand of iceblast (8)
 X - a wand of polymorph (8)
 Z - a wand of digging (8)
Scrolls
 a - 5 scrolls of fear
 c - 10 scrolls of remove curse
 f - 11 scrolls of teleportation
 q - 11 scrolls of identify
 u - 3 scrolls of enchant weapon
 v - 4 scrolls of blinking
 z - 3 scrolls of enchant armour
 G - a scroll of silence {unknown}
 H - 2 scrolls of noise {unknown}
 I - a scroll of acquirement {unknown}
 K - 5 scrolls of amnesia {unknown}
 L - 3 scrolls of vulnerability {unknown}
 N - a scroll of immolation {unknown}
 T - a scroll of fog
 U - 3 scrolls of holy word {unknown}
Potions
 b - 2 potions of lignification {unknown}
 e - 3 potions of invisibility
 g - 6 potions of cancellation
 i - 3 potions of flight
 j - 5 potions of degeneration
 k - 7 potions of might
 l - 4 potions of brilliance
 n - 8 potions of curing
 x - 2 potions of agility {unknown}
 A - 5 potions of heal wounds
 D - 2 potions of ambrosia {unknown}
 F - 3 potions of resistance {unknown}
 V - a potion of haste
Comestibles
 d - 38 rations


   Skills:
 + Level 8.7 Fighting
 - Level 10.0 Short Blades
 + Level 11.8 Dodging
 - Level 20.0 Stealth
 - Level 7.2 Shields
 + Level 9.2 Spellcasting
 + Level 13.4 Hexes
 + Level 1.2 Ice Magic
 + Level 10.7 Invocations


You had 17 spell levels left.
You knew the following spells:

 Your Spells              Type           Power        Failure   Level  Hunger
a - Corona                Hex            #######      1%          1    None
b - Ensorcelled Hibernat  Hex/Ice        ######       1%          2    None
c - Tukima's Dance        Hex            #######.     1%          3    None
d - Confuse               Hex            #######.     1%          3    None
e - Invisibility          Hex            #######.     4%          6    ######.

Your spell library contained the following spells:

 Spells                   Type           Power        Failure   Level  Hunger
 Confusing Touch          Hex            ######       1%          1    None
 Dazzling Spray           Conj/Hex       ######       1%          3    None
 Darkness                 Hex            #######...   4%          6    ######.
 Animate Skeleton         Necr           N/A          7%          1    None
 Apportation              Tloc           ##....       7%          1    None
 Pain                     Necr           ##..         7%          1    None
 Sandblast                Erth           ##....       7%          1    None
 Summon Butterflies       Summ           ##......     7%          1    None
 Summon Small Mammal      Summ           ##..         7%          1    None
 Passwall                 Tmut/Erth      ##......     11%         2    None
 Sublimation of Blood     Necr           ##........   11%         2    None
 Swiftness                Chrm/Air       ##......     11%         2    None
 Ignite Poison            Fire/Tmut/Pois ##......     22%         3    None
 Lesser Beckoning         Tloc           ##........   22%         3    None
 Regeneration             Chrm/Necr      ##........   22%         3    None
 Stone Arrow              Conj/Erth      ##....       22%         3    None
 Vampiric Draining        Necr           ##........   22%         3    None
 Animate Dead             Necr           N/A          56%         4    ##.....
 Passage of Golubria      Tloc           N/A          56%         4    ##.....
 Petrify                  Tmut/Erth      ##......     56%         4    ##.....
 Alistair's Intoxication  Tmut/Pois      ##......     89%         5    #####..
 Irradiate                Conj/Tmut      ##........   89%         5    #####..
 Lee's Rapid Deconstruct  Erth           ##........   89%         5    #####..


Dungeon Overview and Level Annotations

Branches:
Dungeon (15/15)            Temple (1/1) D:4            Lair (6/6) D:11
  Swamp (0/4) Lair:3        Snake (2/4) Lair:3        Slime (0/5) Lair:6
    Orc (1/2) D:11         Vaults (0/5) D:13         Depths (0/5) D:15

Altars:
Ashenzari
Cheibriados
Dithmenos
Elyvilon
Fedhas
Gozag
Hepliaklqana
Kikubaaqudgha
Makhleb
Nemelex Xobeh
Okawaru
Qazlal
Ru
Sif Muna
Trog
Uskayaw
Vehumet
Wu Jian
Xom
Yredelemnul
Zin
The Shining One
Jiyva

Shops:
D:10 *   D:13 %   D:14 *   Snake:1 %*?!

Annotations:
D:11 exclusion: door
D:13 2 transporters
Lair:1 exclusions: electric eel and 2 more exclusions
Lair:2 3 runed translucent doors, Syrutz's ghost, journeyman OgTm
Lair:6 Rupert
Orc:1 Harold


Innate Abilities, Weirdness & Mutations

You are very small and have problems with some larger weapons.
You are too small for most types of armour.
You have supernaturally acute eyesight. (SInv)
You are a herbivore.
You cover ground extremely quickly.
You need to consume almost no food.


Message History

* * * LOW HITPOINT WARNING * * *
The anaconda constricts you.
You see here a +0 halberd.
You escape the anaconda's grasp.
Things that are here:
a +0 shield of reflection; a +2 chain mail of poison resistance a +0 eveningstar You see here a +1 vampiric battleaxe.
There is a staircase back to the Lair here.
The anaconda misses you. The anaconda completely misses you.
The anaconda closely misses you. You block the anaconda's attack.
You climb upwards.
Welcome back to the Lair of Beasts!
There is a staircase to the Snake Pit here.
A crocodile comes into view.
The anaconda barely misses you. The anaconda completely misses you.
The crocodile moves out of view.
You block the anaconda's attack. The anaconda completely misses you.
The anaconda completely misses you. You block the anaconda's attack.
You block the anaconda's attack. The anaconda bites you!!
You die...

##......########......#.#.##...##
##......###.#.#.......##..##...##
#.......+.............##...+....#
#P............##P.....#...##...##
.P.......##...###.....##...+...##
........P#######......##........#
#........########.....+.........#
##........#.##.##.....###.#P...##
...............S@......#........#
....)....>.....................##
..............................<.#
...............................#.
.####.................##.#.P....#
.# #...##..P..P#......#####.....#
.####.##....####......#P..+....##
..# #.##.#..####......##..##...#
..# #...+..............#..##...#


You could see an anaconda.

Vanquished Creatures
  Kirke (D:14)
  Donald (Snake:1)
  Louise (D:14)
  A frost giant (D:15)
  Nessos (D:15)
  Josephine (Lair:5)
  7 hydras
  2 naga warriors
  4 vault guards (D:13)
  3 centaur warriors
  An anaconda (Snake:1)
  7 two-headed ogres
  2 death knights
  Urug (Lair:4)
  2 shock serpents
  7 death yaks
  A skeletal warrior (D:15)
  A salamander mystic (Snake:1)
  An unseen horror (D:15)
  A naga ritualist (Snake:1)
  Pikel (D:6)
  A phantasmal warrior (D:15)
  2 mana vipers
  A deep elf mage (D:15)
  A manticore (D:12)
  3 ugly things
  3 cyclopes (D:12)
  6 salamanders
  15 elephants
  2 centaur zombies
  12 black mambas
  3 naga magi
  4 guardian serpents
  A torpor snail (Lair:5)
  11 spiny frogs
  A gargoyle (D:13)
  A rime drake (Lair:4)
  4 freezing wraiths
  A yaktaur (D:15)
  12 komodo dragons
  3 meliai (Lair:4)
  2 polar bears (Lair:6)
  A queen bee (Lair:4)
  4 trolls
  21 blink frogs
  Grinder (D:6)
  8 hippogriffs
  Sigmund (D:6)
  7 wraiths
  6 wyverns
  49 yaks
  2 hogs (D:14)
  4 basilisks
  2 steam dragons (Lair:6)
  2 hungry ghosts
  Menkaure (D:6)
  2 wargs
  11 nagas
  Edmund (D:6)
  2 hell hounds (Lair:6)
  11 water moccasins
  6 porcupines
  12 orc warriors
  4 ice beasts
  4 sky beasts
  An eye of draining (D:15)
  A slave (D:6)
  16 ogres
  A phantom (D:4)
  2 necrophages
  3 wolves (Lair:5)
  17 centaurs
  14 crocodiles
  2 big kobolds
  10 bullfrogs
  2 water moccasin skeletons
  A wyvern skeleton (D:13)
  6 scorpions
  28 killer bees
  An electric eel (Lair:1)
  4 wights
  3 howler monkeys
  4 bullfrog zombies
  4 lava snakes
  5 crimson imps
  3 quasits
  13 hounds
  12 orc priests
  3 jellies
  Ijyb (D:4)
  5 centaur skeletons
  4 iguanas
  17 orc wizards
  16 worker ants
  A hound skeleton (D:5)
  A worker ant zombie (D:9)
  Robin (D:2)
  2 howler monkey skeletons
  4 gnolls (D:5)
  14 adders
  3 shadow imps
  An ooze (D:4)
  2 adder skeletons
  4 worms
  2 dart slugs (D:1)
  2 leopard geckos
  67 orcs
  2 ball pythons
  7 bats
  5 giant cockroaches
  19 goblins
  9 hobgoblins
  8 jackals
  22 kobolds
  2 quokkas
  3 frilled lizards (D:3)
  2 gnoll zombies (D:7)
  A leopard gecko skeleton (D:7)
  A quokka zombie (D:9)
  4 rats
686 creatures vanquished.

Vanquished Creatures (collateral kills)
  A naga warrior (Snake:1)
  A naga (Snake:1)
  An orc warrior (D:13)
  4 wights
  An orc wizard (D:15)
  A gnoll (D:6)
  6 orcs
15 creatures vanquished.

Vanquished Creatures (others)
  A cyclops (D:12)
  2 dancing weapons
  An orc wizard (D:6)
  A worker ant (D:6)
  2 orcs (D:11)
  A bush (Lair:6)
  10 fungi
  19 plants
37 creatures vanquished.

Grand Total: 738 creatures vanquished

Notes
Turn   | Place    | Note
-------+----------+-------------------------------------------
     0 | D:1      | Gynju the Spriggan Enchanter began the quest for the Orb.
     0 | D:1      | Reached XP level 1. HP: 9/9 MP: 5/5
   168 | D:1      | Reached XP level 2. HP: 13/13 MP: 7/7
   180 | D:1      | Learned a level 2 spell: Ensorcelled Hibernation
   368 | D:1      | Reached skill level 5 in Stealth
   948 | D:1      | Reached XP level 3. HP: 8/16 MP: 5/8
  1687 | D:1      | Reached XP level 4. HP: 18/21 MP: 2/10
  2317 | D:2      | Noticed Robin
  2512 | D:2      | Reached skill level 6 in Stealth
  3144 | D:2      | Killed Robin
  3144 | D:2      | Reached skill level 5 in Hexes
  3144 | D:2      | Reached XP level 5. HP: 24/24 MP: 1/12
  3511 | D:3      | Found an ornate altar of the Wu Jian Council.
  4078 | D:3      | Found a bloodstained altar of Trog.
  4570 | D:4      | Found an iron altar of Okawaru.
  4595 | D:4      | Reached skill level 5 in Spellcasting
  4595 | D:4      | Reached XP level 6. HP: 25/28 MP: 12/14
  4669 | D:4      | Found a staircase to the Ecumenical Temple.
  4673 | D:4      | Reached skill level 7 in Stealth
  4699 | Temple   | Entered the Ecumenical Temple
  4720 | Temple   | Became a worshipper of Dithmenos the Shadowed
  4860 | D:4      | Learned a level 3 spell: Tukima's Dance
  4864 | D:4      | Learned a level 3 spell: Confuse
  4869 | D:4      | Reached skill level 8 in Stealth
  5000 | D:4      | Reached XP level 7. HP: 16/32 MP: 11/15
  5256 | D:4      | Found a shimmering blue altar of Sif Muna.
  5392 | D:4      | Reached skill level 9 in Stealth
  5553 | D:4      | Noticed Ijyb
  5562 | D:4      | Killed Ijyb
  5586 | D:4      | Found a radiant altar of Vehumet.
  5873 | D:5      | Entered Level 5 of the Dungeon
  6354 | D:5      | Reached skill level 10 in Stealth
  6447 | D:5      | Reached * piety under Dithmenos
  6661 | D:5      | Reached XP level 8. HP: 36/36 MP: 2/16
  7343 | D:5      | Found an ancient bone altar of Kikubaaqudgha.
  7480 | D:5      | Reached skill level 11 in Stealth
  7759 | D:6      | Found a shattered altar of Ashenzari.
  7796 | D:6      | Noticed Sigmund
  7803 | D:6      | Killed Sigmund
  7803 | D:6      | Reached skill level 12 in Stealth
  7828 | D:6      | Found a sparkling altar of Nemelex Xobeh.
  7871 | D:6      | Noticed Grinder
  7874 | D:6      | Paralysed by Grinder for 2 turns
  7880 | D:6      | Killed Grinder
  7880 | D:6      | Reached skill level 10 in Hexes
  7880 | D:6      | Reached XP level 9. HP: 40/40 MP: 10/17
  7924 | D:6      | Noticed Menkaure
  7942 | D:6      | Killed Menkaure
  7942 | D:6      | Reached skill level 1 in Fighting
  8173 | D:6      | Noticed Edmund
  8180 | D:6      | Killed Edmund
  8180 | D:6      | Reached ** piety under Dithmenos
  8253 | D:6      | Noticed Pikel
  8266 | D:6      | Killed Pikel
  8266 | D:6      | Reached skill level 5 in Dodging
  8266 | D:6      | Reached skill level 1 in Invocations
  8436 | D:6      | Found a bloodstained altar of Trog.
  8901 | D:7      | Reached skill level 13 in Stealth
  9496 | D:7      | Found a basalt altar of Yredelemnul.
  9551 | D:7      | Found a stormy altar of Qazlal.
  9765 | D:8      | Found a bloodstained altar of Trog.
 10037 | D:8      | Reached XP level 10. HP: 47/47 MP: 11/18
 10409 | D:8      | Found a hide-covered altar of Uskayaw.
 10489 | D:8      | Reached *** piety under Dithmenos
 10694 | D:8      | Reached skill level 1 in Shields
 11409 | D:9      | Found a sacrificial altar of Ru.
 11832 | D:9      | Reached skill level 5 in Short Blades
 11832 | D:9      | Noticed a gargoyle
 11971 | D:10     | Entered Level 10 of the Dungeon
 11986 | D:10     | Reached skill level 14 in Stealth
 12216 | D:10     | Reached **** piety under Dithmenos
 12380 | D:10     | Found Ympidot's Serpentskin Sales.
 12855 | D:11     | Found a hazy altar of Hepliaklqana.
 12897 | D:11     | Found a staircase to the Orcish Mines.
 12934 | D:11     | Noticed a four-headed hydra
 12934 | D:11     | You fall into a shaft and drop 2 floors!
 12935 | D:13     | Noticed a gargoyle
 12945 | D:12     | Reached XP level 11. HP: 53/53 MP: 15/19
 12977 | D:12     | Noticed a white ugly thing
 13106 | D:11     | Killed a four-headed hydra
 13679 | D:11     | Reached skill level 5 in Fighting
 13777 | D:11     | Reached ***** piety under Dithmenos
 13983 | D:11     | Reached skill level 15 in Stealth
 14093 | D:11     | Found a staircase to the Lair.
 14863 | Lair:1   | Entered Level 1 of the Lair of Beasts
 15948 | Lair:2   | Found a runed translucent gate.
 15948 | Lair:2   | Found a runed translucent gate.
 15948 | Lair:2   | Found a runed translucent gate.
 16239 | Lair:2   | Reached XP level 12. HP: 60/60 MP: 12/20
 16491 | Lair:2   | Noticed Syrutz's ghost (journeyman OgTm)
 16607 | Lair:3   | Found a staircase to the Swamp.
 16775 | Lair:3   | Reached skill level 5 in Shields
 16804 | Lair:3   | Reached skill level 16 in Stealth
 17058 | Lair:3   | Found a staircase to the Snake Pit.
 17065 | Lair:3   | Reached skill level 5 in Invocations
 17741 | Lair:4   | Noticed a six-headed hydra
 17752 | Lair:4   | Killed a six-headed hydra
 17819 | Lair:4   | Reached ****** piety under Dithmenos
 17836 | Lair:4   | Noticed a four-headed hydra
 17914 | Lair:4   | Killed a four-headed hydra
 18721 | Lair:4   | Noticed Urug
 18728 | Lair:4   | Killed Urug
 19282 | Lair:4   | Reached skill level 17 in Stealth
 19387 | Lair:4   | Reached XP level 13. HP: 66/66 MP: 21/21
 20911 | Lair:5   | Reached skill level 10 in Short Blades
 21512 | Lair:6   | Entered Level 6 of the Lair of Beasts
 21791 | Lair:6   | Found a viscous altar of Jiyva.
 21791 | Lair:6   | Found a staircase to the Slime Pits.
 22393 | Lair:6   | Reached skill level 18 in Stealth
 22901 | Lair:6   | Noticed Rupert
 23112 | Lair:6   | Reached XP level 14. HP: 72/72 MP: 21/24
 23140 | Lair:6   | Noticed Josephine
 23180 | Lair:5   | Killed Josephine
 23724 | Lair:6   | Paralysed by Rupert for 3 turns
 23883 | Orc:1    | Entered Level 1 of the Orcish Mines
 23885 | Orc:1    | Noticed Harold
 24109 | D:12     | Noticed a stone giant
 26027 | D:13     | Found a transporter.
 26027 | D:13     | Found a transporter.
 26177 | D:13     | Reached skill level 19 in Stealth
 26453 | D:13     | Found Ream's Food Shop.
 26523 | D:13     | Found a gate to the Vaults.
 27248 | D:13     | Reached skill level 10 in Dodging
 27417 | D:14     | Noticed Louise
 27669 | D:14     | Killed Louise
 27755 | D:14     | Found Cais's Assorted Antiques.
 28045 | D:14     | Noticed Kirke
 28061 | D:14     | Killed Kirke
 28299 | D:15     | Entered Level 15 of the Dungeon
 28299 | D:15     | Found a hazy altar of Hepliaklqana.
 28407 | D:15     | Noticed Nessos
 28410 | D:15     | Killed Nessos
 28410 | D:15     | Reached skill level 10 in Invocations
 28428 | D:15     | Reached XP level 15. HP: 76/76 MP: 24/28
 28436 | D:15     | Learned a level 6 spell: Invisibility
 29100 | D:15     | Found a staircase to the Depths.
 29100 | D:15     | Noticed a frost giant
 29103 | D:15     | Killed a frost giant
 29971 | Snake:1  | Entered Level 1 of the Snake Pit
 29991 | Snake:1  | Found Gemp's Magic Scroll Shoppe.
 30029 | Snake:1  | Found Pedghyse's Distillery.
 30088 | Snake:1  | Found Irit Uga's Assorted Antiques.
 30229 | Snake:1  | Noticed Donald
 30685 | Snake:1  | Reached skill level 20 in Stealth
 30817 | Snake:1  | Killed Donald
 31525 | Snake:1  | Found Ynaotias's Food Shoppe.
 32095 | Snake:2  | HP: 2/77 [naga warrior/splash of poison (6)]
 32437 | Snake:1  | Reached skill level 1 in Ice Magic
 32811 | Lair:3   | Mangled by an anaconda

Levels and vault maps discovered:
D:1:      lightli_arrival_quake, layout_basic
D:2:      layout_basic, uniq_robin
D:3:      layout_loops_cross, old_standard_altar, trog_three_pillars_becter
D:4:      layout_loops_ring, vehumet_crystals, lemuel_round_altar,
          okawaru_ov_weapons_minmay, minmay_temple_entry_sparse_star,
          first_ration, grunt_decor_cap, uniq_ijyb
D:5:      layout_basic, lemuel_doored_altar, cheibrodos_gnoll_hut
D:6:      layout_cave_pods, bloody_trog, kennysheep_mini_moat,
          cheibrodos_ashenzari_chains, minmay_checkerbox, uniq_pikel,
          uniq_sigmund, uniq_edmund, uniq_menkaure, uniq_grinder
D:7:      layout_cave_pools, nicolae_qazlal_general_emergency,
          lemuel_zombie_altar_yredelemnul
D:8:      layout_loops_corners, lemuel_crystal_altar, basic_altar
D:9:      layout_rooms, nicolae_ru_great_annihilating_truth
D:10:     layout_loops_ring, guppyfry_shop_venom
D:11:     layout_roguey [special_room_orc], lair_entry_dummy, david_orc_2,
          basic_altar
D:12:     cheibrodos_monumental, layout_stronghold
D:13:     layout_roguey, lightli_vaults_fourway_checkpoint, serial_shops,
          kennysheep_little_box, gammafunk_ghost_hive
D:14:     layout_loops_cross, minmay_tree_intersection, serial_shops,
          nicolae_shop_overgrown_old_shop, uniq_louise, uniq_kirke
D:15:     grunt_enter_depths_snipers, layout_loops_cross, basic_altar,
          uniq_nessos
Temple:   eino_temple_lava
Lair:1:   layout_gridlike
Lair:2:   layout_gridlike, gammafunk_ghost_necromancy, beast_lair_carwin_9,
          serial_bayou_shore_b
Lair:3:   layout_regular_city, swamp_mist_pool, guppyfry_snake_entry_garden,
          beast_lair_carwin_4
Lair:4:   layout_gridlike, special_room [special_room_bee], grunt_megastairs_4,
          serial_bayou_shore_b, uniq_urug
Lair:5:   beast_lair_carwin_large_1, layout_loops_ring
Lair:6:   cheibrodos_lair_end_hotspot, layout_regular_city, slime_altar_1,
          st_stairs_4, uniq_rupert, uniq_josephine
Snake:1:  layout_rooms, serial_shops, shop, shop, shop, nicolae_shop_waterfront,
          nrook_guardian_serpent_ordinary, uniq_donald
Snake:2:  nrook_guardian_serpent_snake_passage, layout_onion,
          nicolae_snake_springs
Orc:1:    layout_diamond_mine, serial_shops, shop, uniq_harold

Skill      XL: |  1  2  3  4  5  6  7  8  9 10 11 12 13 14 15 |
---------------+----------------------------------------------+-----
Spellcasting   | 3 4 5 6 8 9 |  9.2
Hexes          | 4 5 6 8 10 11 12 13 | 13.4
Stealth        | 5 6 8 10 12 13 14 15 17 18 19 20 | 20.0
Fighting       | 2 4 6 7 8 |  8.7
Short Blades   | 4 6 8 9 10 | 10.0
Dodging        | 6 8 10 11 | 11.8
Invocations    | 2 4 6 8 10 | 10.7
Shields        | 3 4 6 7 |  7.2
Ice Magic      | 1 |  1.2

Action                   |  1- 3 |  4- 6 |  7- 9 | 10-12 | 13-15 || total
-------------------------+-------+-------+-------+-------+-------++-------
Melee: Dagger            |    71 |   134 |   201 |   562 |   544 ||  1512
Throw: Stone             |       |       |       |     4 |       ||     4
 Cast: Ensorcelled Hiber |    26 |    74 |    97 |   209 |   291 ||   697
       Tukima's Dance    |       |     3 |     5 |    12 |    14 ||    34
       Confuse           |       |       |    16 |    17 |    82 ||   115
       Corona            |       |       |       |     2 |       ||     2
       Invisibility      |       |       |       |       |     1 ||     1
Evoke: Wand              |       |       |       |       |    18 ||    18
  Use: Scroll            |       |    10 |       |     9 |       ||    19
       Potion            |       |       |     1 |       |     1 ||     2
 Stab: Sleeping          |    24 |    50 |    86 |   191 |   217 ||   568
       Distracted        |       |     1 |       |    10 |     8 ||    19
       Confused          |       |       |     8 |    13 |    27 ||    48
       Invisible         |       |       |       |     1 |     2 ||     3
       Paralysed         |       |       |       |     1 |       ||     1
  Eat: Ration            |       |     2 |     3 |     6 |     8 ||    19
Armor: Robe              |     3 |    14 |    11 |    13 |     7 ||    48
Dodge: Dodged            |    56 |   117 |   123 |   346 |   304 ||   946
Block: Other             |       |     7 |    48 |       |       ||    55
       Reflection        |       |       |     1 |    13 |    16 ||    30
       Buckler           |       |       |     4 |   302 |   286 ||   592

Table legend:
 A = Non-vault XP
 B = Vault XP
 C = Vault XP percentage of total XP
 D = Non-vault monster count
 E = Vault monster count
 F = Vault count percentage of total count
                 A         B        C        D         E       F
            +---------+---------+-------+---------+---------+-------
      Total |   89674 |   44695 |  33.3 |     530 |     173 |  24.6
            +---------+---------+-------+---------+---------+-------
        D:1 |      57 |       0 |   0.0 |      23 |       0 |   0.0
        D:2 |     113 |      32 |  22.1 |      27 |      11 |  28.9
        D:3 |     103 |       0 |   0.0 |      20 |       0 |   0.0
        D:4 |     830 |      36 |   4.2 |      23 |       1 |   4.2
        D:5 |     657 |     100 |  13.2 |      27 |       3 |  10.0
        D:6 |     676 |    1644 |  70.9 |      17 |       8 |  32.0
        D:7 |     962 |       3 |   0.3 |      25 |       2 |   7.4
        D:8 |    2061 |       0 |   0.0 |      19 |       0 |   0.0
        D:9 |     772 |      42 |   5.2 |      17 |       4 |  19.0
       D:10 |    1826 |     451 |  19.8 |      27 |       5 |  15.6
       D:11 |    5726 |    1899 |  24.9 |      53 |      36 |  40.4
       D:12 |    2166 |    7423 |  77.4 |      15 |      16 |  51.6
       D:13 |    7074 |    6440 |  47.7 |      31 |      11 |  26.2
       D:14 |    1693 |    4233 |  71.4 |      12 |       4 |  25.0
       D:15 |    9547 |    4361 |  31.4 |      25 |       4 |  13.8
     Lair:1 |    2399 |       0 |   0.0 |      15 |       0 |   0.0
     Lair:2 |    2003 |     654 |  24.6 |       7 |       4 |  36.4
     Lair:3 |    2809 |    2461 |  46.7 |       7 |      11 |  61.1
     Lair:4 |   11597 |    3193 |  21.6 |      32 |      24 |  42.9
     Lair:5 |    7664 |    5215 |  40.5 |      26 |      10 |  27.8
     Lair:6 |   11558 |    3243 |  21.9 |      42 |      15 |  26.3
    Snake:1 |   12236 |    2838 |  18.8 |      27 |       3 |  10.0
    Snake:2 |    4844 |     427 |   8.1 |      10 |       1 |   9.1
      Orc:1 |     301 |       0 |   0.0 |       3 |       0 |   0.0
            +---------+---------+-------+---------+---------+-------
